 Dungeon Crawl Stone Soup version 0.23.2-30-g0e89c35649 (webtiles) character file.

Game seed: 11420760249248992780

149359 troglodite the Thaumaturge (level 17, -15/119 HPs)
             Began as a Gnoll Skald on June 24, 2019.
             Was the Champion of Hepliaklqana.
             Demolished by a nagaraja (20 damage)
             ... on level 4 of the Snake Pit on June 25, 2019.
             The game lasted 02:50:12 (41337 turns).

troglodite the Thaumaturge (Gnoll Skald)           Turns: 41337, Time: 02:50:13

Health: -15/119    AC: 21    Str: 17    XL:     17   Next: 51%
Magic:  0/33       EV: 17    Int: 25    God:    Hepliaklqana [******]
Gold:   954        SH: 19    Dex: 28    Spells: 11/40 levels left

rFire    . . .     SeeInvis .   L - +8 trident (venom)
rCold    . . .     Gourm    .   p - +0 large shield
rNeg     + + .     Faith    .   y - +5 ring mail of Truth {rElec Str-5 Int+4 Dex+8}
rPois    +         Spirit   +   J - +2 hat
rElec    +         Reflect  .   V - +2 cloak {MR+}
rCorr    .         Harm     .   S - +2 pair of gloves {Str+3}
MR       ++...                  (no boots)
Stlth    +++++.....             C - amulet of Ropuacw {Spirit rPois}
HPRegen  0.29/turn              a - ring "Rumniala" {rN+ Str+4 Dex+5}
MPRegen  0.23/turn              w - ring of positive energy

@: lethally poisoned (-15 -> -16), about to teleport, constricted, studying
Translocations
A: distributed training, reduced essence, fangs 1, blurry vision 1, strong nose
a: Recall Ancestor, Ancestor Identity, Transference, Idealise, Renounce Religion


You were on level 4 of the Snake Pit.
You worshipped Hepliaklqana.
Hepliaklqana was exalted by your worship.
You were not hungry.

You visited 5 branches of the dungeon, and saw 24 of its levels.
You also visited: Gauntlet and Ice Cave.

You collected 1940 gold pieces.
You spent 986 gold pieces at shops.

Inventory:

Hand Weapons
 L - a +8 trident of venom (weapon)
Missiles
 H - 497 arrows
Armour
 o - a +1 pair of gloves of dexterity
 p - a +0 large shield (worn)
 y - the +5 ring mail of Truth (worn) {rElec Str-5 Int+4 Dex+8}
   (You found it on level 2 of the Lair of Beasts)

   It affects your strength (-5).
   It affects your intelligence (+4).
   It affects your dexterity (+8).
   It insulates you from electricity.
 E - a +0 shield
 J - a +2 hat (worn)
 S - a +2 pair of gloves of strength (worn)
 V - a +2 cloak of magic resistance (worn)
Jewellery
 a - the ring "Rumniala" (left hand) {rN+ Str+4 Dex+5}
   (You bought it in a shop on level 2 of the Orcish Mines)

   [ring of dexterity]

   It affects your strength (+4).
   It affects your dexterity (+5).
   It protects you from negative energy.
 k - an uncursed ring of flight
 w - a ring of positive energy (right hand)
 C - the amulet of Ropuacw (around neck) {Spirit rPois}
   (You found it on level 6 of the Dungeon)

   [amulet of guardian spirit]

   It causes incoming damage to be split between your health and magic.
   It protects you from poison.
 W - the ring of Vanity {+Blink +Fly}
   (You found it in a Gauntlet)

   [ring of flight]

   It lets you fly.
   It lets you blink.
Wands
 h - a wand of iceblast (29)
 n - a wand of clouds (4)
 s - a wand of paralysis (21)
 I - a wand of flame (29)
 K - a wand of digging (9)
 M - a wand of random effects (35)
 Q - a wand of acid (33)
 R - a wand of disintegration (8)
Scrolls
 c - 6 scrolls of remove curse
 l - 2 scrolls of magic mapping
 m - 2 scrolls of teleportation
 r - 2 scrolls of amnesia
 t - a scroll of identify
 B - 2 scrolls of acquirement {unknown}
 D - a scroll of vulnerability {unknown}
 O - 2 scrolls of torment {unknown}
 P - 2 scrolls of fog {unknown}
Potions
 b - 5 potions of might
 f - 6 potions of lignification
 i - 4 potions of agility
 j - a potion of flight {unknown}
 q - 2 potions of mutation
 u - 3 potions of ambrosia
 v - 2 potions of brilliance
 z - 2 potions of cancellation
 A - 3 potions of haste
 F - 4 potions of berserk rage
 G - 2 potions of magic
Books
 g - a manual of Translocations
Comestibles
 d - 17 rations


   Skills:
 + Level 12.1 Fighting
 + Level 11.4 Short Blades
 + Level 11.4 Long Blades
 + Level 11.4 Axes
 + Level 11.4 Maces & Flails
 + Level 12.1 Polearms
 + Level 11.4 Staves
 + Level 11.4 Slings
 + Level 11.4 Bows
 + Level 11.4 Crossbows
 + Level 11.4 Throwing
 + Level 11.6 Armour
 + Level 12.1 Dodging
 + Level 11.4 Stealth
 + Level 11.4 Shields
 + Level 11.4 Unarmed Combat
 + Level 12.3 Spellcasting
 + Level 9.7 Conjurations
 + Level 9.7 Hexes
 + Level 11.0 Charms
 + Level 9.7 Summonings
 + Level 9.7 Necromancy
 + Level 12.1 Translocations
 + Level 9.7 Transmutations
 + Level 9.7 Fire Magic
 + Level 9.7 Ice Magic
 + Level 9.7 Air Magic
 + Level 9.7 Earth Magic
 + Level 9.7 Poison Magic
 + Level 12.3 Invocations
 + Level 11.4 Evocations


You had 11 spell levels left.
You knew the following spells:

 Your Spells              Type           Power        Failure   Level  Hunger
a - Infusion              Chrm           ####         1%          1    None
b - Spectral Weapon       Hex/Chrm       ######..     1%          3    None
c - Regeneration          Chrm/Necr      ######....   1%          3    None
d - Sticks to Snakes      Tmut           ######..     1%          2    None
e - Searing Ray           Conj           ######       1%          2    None
f - Iskenderun's Mystic   Conj           ######..     7%          4    None
g - Confuse               Hex            ######..     1%          3    None
h - Force Lance           Conj/Tloc      ######..     4%          4    None
i - Passwall              Tmut/Erth      ######..     1%          2    None
j - Borgnjor's Vile Clut  Necr/Erth      ######....   19%         5    ###....

Your spell library contained the following spells:

 Spells                   Type           Power        Failure   Level  Hunger
 Animate Skeleton         Necr           N/A          1%          1    None
 Apportation              Tloc           ######       1%          1    None
 Beastly Appendage        Tmut           ######       1%          1    None
 Confusing Touch          Hex            ######       1%          1    None
 Magic Dart               Conj           ####         1%          1    None
 Sandblast                Erth           ######       1%          1    None
 Summon Butterflies       Summ           ######..     1%          1    None
 Summon Small Mammal      Summ           ####         1%          1    None
 Ensorcelled Hibernation  Hex/Ice        ######       1%          2    None
 Shroud of Golubria       Chrm/Tloc      ######....   1%          2    None
 Song of Slaying          Chrm           ######..     1%          2    None
 Dazzling Spray           Conj/Hex       ######       1%          3    None
 Gell's Gravitas          Tloc           ######....   1%          3    None
 Lesser Beckoning         Tloc           ######....   1%          3    None
 Spider Form              Tmut/Pois      ######....   1%          3    None
 Stone Arrow              Conj/Erth      ######       1%          3    None
 Tukima's Dance           Hex            ######..     1%          3    None
 Fulminant Prism          Conj/Hex       ######....   7%          4    None
 Ice Form                 Ice/Tmut       ######..     7%          4    None
 Petrify                  Tmut/Erth      ######..     7%          4    None
 Iskenderun's Battlesphe  Conj/Chrm      ######..     14%         5    ###....
 Alistair's Intoxication  Tmut/Pois      ######..     19%         5    ###....
 Blade Hands              Tmut           ######....   19%         5    ###....
 Bolt of Magma            Conj/Fire/Erth ######....   19%         5    ###....
 Lee's Rapid Deconstruct  Erth           ######....   19%         5    ###....
 Metabolic Englaciation   Hex/Ice        ######....   19%         5    ###....
 Silence                  Hex/Air        ######....   19%         5    ###....
 Venom Bolt               Conj/Pois      ######....   19%         5    ###....
 Yara's Violent Unravell  Hex/Tmut       ######....   19%         5    ###....
 Darkness                 Hex            ######....   71%         6    #####..
 Invisibility             Hex            ######..     71%         6    #####..
 Iron Shot                Conj/Erth      ######....   71%         6    #####..
 Shadow Creatures         Summ           N/A          71%         6    #####..
 Orb of Destruction       Conj           ######....   99%         7    ######.
 Spellforged Servitor     Conj/Summ      ######....   99%         7    ######.


Dungeon Overview and Level Annotations

Branches:
Dungeon (11/15)            Temple (1/1) D:5            Lair (6/6) D:10
 Shoals (0/4) Lair:2        Snake (4/4) Lair:3        Slime (0/5) Lair:6
    Orc (2/2) D:9             Elf (0/3) Orc:2

Altars:
Ashenzari
Cheibriados
Dithmenos
Elyvilon
Fedhas
Gozag
Hepliaklqana
Kikubaaqudgha
Makhleb
Nemelex Xobeh
Okawaru
Qazlal
Ru
Sif Muna
Trog
Uskayaw
Vehumet
Wu Jian
Xom
Yredelemnul
Zin
The Shining One
Beogh
Jiyva

Shops:
D:5 ?   D:9 %[=   Orc:2 [=(?   Snake:1 :   Snake:4 =

Annotations:
D:6 2 transporters, cjay27's ghost, novice DsAK


Innate Abilities, Weirdness & Mutations

Your experience applies equally to all skills.
You have very sharp teeth.
Your uncanny sense of smell can sniff out nearby items.
Your life essence is reduced to manifest your ancestor. (-10% HP)
Scrolls take you a little longer to read.


Message History

You feel strangely unstable.
You feel better.
You are poisoned.
The naga ritualist's toxic aura wanes.
The guardian serpent hits you!
* * * LOW HITPOINT WARNING * * *
The nagaraja hits you with a +0 club!
* * * LOW HITPOINT WARNING * * *
x2 The nagaraja constricts you.
You block the naga's attack.
The naga sharpshooter shoots a bolt.
The bolt closely misses you.
The bolt hits the naga!
The naga sharpshooter shoots an arrow.
The arrow hits you but does no damage.
Xiloxoch hits the guardian serpent with a +0 dagger of draining!
Xiloxoch drains the guardian serpent.
The naga sharpshooter gestures wildly while chanting.
The naga sharpshooter magically shoots a bolt.
The bolt hits you.
* * * LOW HITPOINT WARNING * * *
You block the nagaraja's attack. The guardian serpent barely misses you.
The nagaraja hits you!!
You die...

#.#........)...##
###.....(.....[.#
#.....(.......#
#####......N......# ∆
..................##
.................N.##
...............NNN..#
...............NNN..##
...............S@N...#
...............NRN...#
....................##
....................#
.#................<.#
####......##........#
###..####....#####
#### ###..# ####


You could see the friendly Xiloxoch the hexer, 3 nagarajas, 3 naga
sharpshooters, a naga ritualist, a guardian serpent, a naga mage and 3 nagas.

Vanquished Creatures
  Rupert (Lair:3)
  2 Ice Fiends (IceCv)
  Frances (Snake:1)
  5 nagarajas
  An orc warlord (Orc:2)
  A minotaur (Gauntlet)
  4 dire elephants (Lair:6)
  7 hydras
  13 naga warriors
  A catoblepas (Lair:3)
  9 anacondas
  6 death yaks
  A two-headed ogre (Orc:2)
  3 orc high priests (Orc:2)
  Urug (Orc:2)
  12 naga sharpshooters
  5 shock serpents
  3 salamander mystics
  8 naga ritualists
  3 orc knights (Orc:2)
  12 mana vipers
  3 orc sorcerers (Orc:2)
  A manticore (Lair:2)
  2 oklob plants
  20 salamanders
  A cyclops (Orc:2)
  2 ice statues (IceCv)
  17 elephants
  4 guardian serpents
  20 black mambas
  8 naga magi
  A torpor snail (Lair:3)
  5 spiny frogs
  7 komodo dragons
  2 rime drakes
  13 ice devils
  3 trolls
  2 polar bears
  10 dream sheep (Lair:6)
  8 hippogriffs
  3 slime creatures (Gauntlet)
  6 blink frogs
  16 yaks
  A wyvern (Lair:5)
  A basilisk (Lair:5)
  A hungry ghost (D:9)
  A warg (Orc:1)
  A harpy simulacrum (Gauntlet)
  57 nagas
  14 water moccasins
  9 porcupines
  38 orc warriors
  2 ice beasts
  11 ogres
  A phantom (D:4)
  11 wolves
  5 centaurs
  13 crocodiles
  6 bullfrogs
  2 scorpions
  A hornet simulacrum (Gauntlet)
  3 killer bees (D:9)
  A vampire bat (Lair:3)
  6 electric eels (D:9)
  5 crimson imps
  8 hounds
  Crazy Yiuf (D:2)
  A bullfrog zombie (D:8)
  25 orc priests
  6 jellies
  20 orc wizards
  2 centaur skeletons
  A bullfrog skeleton (D:8)
  Ijyb (D:3)
  2 hexers
  An iguana (D:7)
  A worker ant (D:5)
  5 ogre zombies (D:9)
  9 gnolls
  A howler monkey skeleton (D:5)
  18 adders
  3 shadow imps
  8 white imps
  3 ufetubi (IceCv)
  3 oozes (D:8)
  An adder skeleton (D:3)
  A worm (D:3)
  2 dart slugs (D:1)
  3 leopard geckos
  73 orcs
  5 ball pythons
  4 giant cockroaches
  6 goblins
  5 hobgoblins
  8 jackals
  4 quokkas
  9 bats
  7 frilled lizards
  2 goblin skeletons (D:9)
  A goblin zombie (D:9)
  3 hobgoblin zombies (D:9)
  8 kobolds
  2 orc skeletons (D:9)
  7 orc zombies (D:9)
  9 rats
  A fungus (Lair:6)
  6 plants (Lair:6)
  A spectral weapon (Lair:3)
730 creatures vanquished.

Vanquished Creatures (collateral kills)
  A stone giant (Orc:1)
  2 dire elephants (Lair:6)
  A naga warrior (Snake:2)
  3 anacondas
  A two-headed ogre (Orc:2)
  A shock serpent (Snake:3)
  An orc high priest (Orc:2)
  A naga sharpshooter (Snake:4)
  2 mana vipers (Snake:1)
  An orc sorcerer (Orc:2)
  A salamander (Snake:3)
  2 elephants (Lair:6)
  A guardian serpent (Snake:4)
  4 naga magi
  7 black mambas
  A spiny frog (Lair:4)
  An ice devil (IceCv)
  3 komodo dragons
  A troll (Orc:2)
  A blink frog (Lair:3)
  A dream sheep (Lair:6)
  A hippogriff (Lair:2)
  A centaur simulacrum (Gauntlet)
  3 yaks
  A hungry ghost (D:9)
  2 wargs (Orc:2)
  4 nagas
  2 water moccasins
  An ice beast (D:9)
  8 orc warriors
  2 sky beasts (D:8)
  A black bear (D:7)
  A phantom (D:9)
  3 centaurs
  A wolf (Lair:6)
  A crocodile (Lair:5)
  A big kobold (D:9)
  2 bullfrogs
  A wyvern zombie (D:7)
  2 scorpions
  2 electric eels
  2 crimson imps
  A bullfrog zombie (D:6)
  2 jellies
  A quasit (D:9)
  4 hounds
  9 orc priests
  6 orc wizards
  An ogre zombie (D:9)
  An adder (D:7)
  2 white imps (IceCv)
  2 oozes (D:8)
  An adder zombie (D:7)
  A leopard gecko (D:5)
  30 orcs
  A jackal (D:9)
  A goblin skeleton (D:9)
  3 orc zombies (D:9)
145 creatures vanquished.

Vanquished Creatures (others)
  A hippogriff (D:10)
  39 hexers
  An orc wizard (Orc:1)
  3 white imps (IceCv)
  4 ufetubi (IceCv)
  9 fungi
  2 plants
  52 spectral weapons
111 creatures vanquished.

Grand Total: 986 creatures vanquished

Notes
Turn   | Place    | Note
-------+----------+-------------------------------------------
     0 | D:1      | troglodite the Gnoll Skald began the quest for the Orb.
     0 | D:1      | Reached XP level 1. HP: 20/20 MP: 6/6
   118 | D:1      | Reached XP level 2. HP: 23/26 MP: 7/7
   843 | D:2      | Reached skill level 5 in Spellcasting
   843 | D:2      | Reached XP level 3. HP: 15/31 MP: 7/9
   862 | D:2      | Learned a level 3 spell: Spectral Weapon
  1247 | D:2      | Reached skill level 1 in Invocations
  1491 | D:2      | Reached skill level 1 in Short Blades
  1491 | D:2      | Reached skill level 1 in Long Blades
  1491 | D:2      | Reached skill level 1 in Axes
  1491 | D:2      | Reached skill level 1 in Maces & Flails
  1491 | D:2      | Reached skill level 1 in Staves
  1491 | D:2      | Reached skill level 1 in Slings
  1491 | D:2      | Reached skill level 1 in Bows
  1491 | D:2      | Reached skill level 1 in Crossbows
  1491 | D:2      | Reached skill level 1 in Throwing
  1491 | D:2      | Reached skill level 1 in Stealth
  1491 | D:2      | Reached skill level 1 in Shields
  1491 | D:2      | Reached skill level 1 in Unarmed Combat
  1491 | D:2      | Reached skill level 1 in Evocations
  1491 | D:2      | Reached XP level 4. HP: 35/38 MP: 11/11
  1504 | D:2      | Learned a level 3 spell: Regeneration
  1666 | D:2      | Found a white marble altar of Elyvilon.
  1667 | D:2      | Found a deep blue altar of Sif Muna.
  1668 | D:2      | Found a stormy altar of Qazlal.
  1987 | D:2      | Found a runed translucent door.
  1988 | D:2      | Noticed Crazy Yiuf
  2000 | D:2      | Killed Crazy Yiuf
  2000 | D:2      | Reached skill level 1 in Conjurations
  2000 | D:2      | Reached skill level 1 in Hexes
  2000 | D:2      | Reached skill level 1 in Summonings
  2000 | D:2      | Reached skill level 1 in Necromancy
  2000 | D:2      | Reached skill level 1 in Translocations
  2000 | D:2      | Reached skill level 1 in Transmutations
  2000 | D:2      | Reached skill level 1 in Fire Magic
  2000 | D:2      | Reached skill level 1 in Ice Magic
  2000 | D:2      | Reached skill level 1 in Air Magic
  2000 | D:2      | Reached skill level 1 in Earth Magic
  2000 | D:2      | Reached skill level 1 in Poison Magic
  2000 | D:2      | Reached XP level 5. HP: 26/43 MP: 9/12
  3535 | D:3      | Reached XP level 6. HP: 26/50 MP: 13/13
  4024 | D:3      | Noticed Ijyb
  4037 | D:3      | Killed Ijyb
  4266 | D:4      | Reached skill level 5 in Fighting
  4266 | D:4      | Reached skill level 5 in Polearms
  4266 | D:4      | Reached skill level 5 in Dodging
  4530 | D:4      | Reached XP level 7. HP: 56/56 MP: 12/15
  4961 | D:5      | Entered Level 5 of the Dungeon
  5797 | D:5      | Found a staircase to the Ecumenical Temple.
  5812 | D:5      | Reached XP level 8. HP: 60/63 MP: 16/16
  5832 | Temple   | Entered the Ecumenical Temple
  5956 | Temple   | Became a worshipper of Hepliaklqana the Forgotten
  6145 | D:5      | Found Mebb's Magic Scroll Shoppe.
  6149 | D:5      | Bought a scroll of remove curse for 39 gold pieces
  6149 | D:5      | Bought a scroll of identify for 26 gold pieces
  6157 | D:5      | Bought a scroll of identify for 26 gold pieces
  6157 | D:5      | Bought 3 scrolls of identify for 78 gold pieces
  6157 | D:5      | Bought a scroll of identify for 26 gold pieces
  6157 | D:5      | Bought a scroll of noise for 13 gold pieces
  6434 | D:6      | Found a shimmering altar of Xom.
  6579 | D:6      | Got a flickering zirconium amulet
  6589 | D:6      | Found a transporter.
  6593 | D:6      | Found a transporter.
  6594 | D:6      | Noticed cjay27's ghost (novice DsAK)
  6739 | D:6      | You fall through a shaft for 2 floors!
  6783 | D:8      | Reached * piety under Hepliaklqana
  6961 | D:8      | Found a basalt altar of Yredelemnul.
  7055 | D:8      | Identified the amulet of Ropuacw {Spirit rPois} (You found
                  | it on level 6 of the Dungeon)
  7511 | D:8      | Learned a level 2 spell: Sticks to Snakes
  7631 | D:7      | Reached XP level 9. HP: 42/62 MP: 10/18
  7666 | D:7      | Found a burning altar of Makhleb.
  7697 | D:7      | Learned a level 2 spell: Searing Ray
  8325 | D:7      | Reached ** piety under Hepliaklqana
  8326 | D:7      | Remembered your ancestor Xiloxoch as a hexer
  8634 | D:7      | Found a burning altar of Makhleb.
  9008 | D:8      | Reached skill level 5 in Armour
  9671 | D:9      | Reached skill level 5 in Invocations
  9736 | D:9      | Found a staircase to the Orcish Mines.
  9872 | D:9      | Reached XP level 10. HP: 65/69 MP: 18/20
 10059 | D:9      | Found Qothipt's Food Emporium.
 10088 | D:9      | Found a shattered altar of Ashenzari.
 10129 | D:9      | Got a pitted ring mail
 10140 | D:9      | Identified the +2 ring mail of Zales {Regen+ Dex+3} (You
                  | found it on level 9 of the Dungeon)
 10212 | D:9      | Reached *** piety under Hepliaklqana
 10223 | D:9      | Reached skill level 5 in Short Blades
 10223 | D:9      | Reached skill level 5 in Long Blades
 10223 | D:9      | Reached skill level 5 in Axes
 10223 | D:9      | Reached skill level 5 in Maces & Flails
 10223 | D:9      | Reached skill level 5 in Staves
 10223 | D:9      | Reached skill level 5 in Slings
 10223 | D:9      | Reached skill level 5 in Bows
 10223 | D:9      | Reached skill level 5 in Crossbows
 10223 | D:9      | Reached skill level 5 in Throwing
 10223 | D:9      | Reached skill level 5 in Stealth
 10223 | D:9      | Reached skill level 5 in Shields
 10223 | D:9      | Reached skill level 5 in Unarmed Combat
 10223 | D:9      | Reached skill level 5 in Evocations
 10230 | D:9      | Found Icoam's Armour Boutique.
 10455 | D:9      | Found Ageomet's Jewellery Shop.
 11067 | D:10     | Entered Level 10 of the Dungeon
 11438 | D:10     | Found a staircase to the Lair.
 12129 | Orc:1    | Entered Level 1 of the Orcish Mines
 12501 | Orc:1    | Noticed a stone giant
 12527 | Orc:1    | Killed a stone giant
 12527 | Orc:1    | Reached XP level 11. HP: 10/75 MP: 2/22
 13196 | Orc:2    | Entered Level 2 of the Orcish Mines
 13377 | Orc:2    | Noticed a two-headed ogre
 13386 | Orc:2    | Killed a two-headed ogre
 13386 | Orc:2    | Reached skill level 5 in Conjurations
 13386 | Orc:2    | Reached skill level 5 in Hexes
 13386 | Orc:2    | Reached skill level 5 in Summonings
 13386 | Orc:2    | Reached skill level 5 in Necromancy
 13386 | Orc:2    | Reached skill level 5 in Translocations
 13386 | Orc:2    | Reached skill level 5 in Transmutations
 13386 | Orc:2    | Reached skill level 5 in Fire Magic
 13386 | Orc:2    | Reached skill level 5 in Ice Magic
 13386 | Orc:2    | Reached skill level 5 in Air Magic
 13386 | Orc:2    | Reached skill level 5 in Earth Magic
 13386 | Orc:2    | Reached skill level 5 in Poison Magic
 13928 | Orc:2    | Reached **** piety under Hepliaklqana
 13937 | Orc:2    | Noticed Urug
 13961 | Orc:2    | Killed Urug
 14190 | Orc:1    | Noticed a two-headed ogre
 14264 | Orc:2    | Killed a two-headed ogre
 14861 | Orc:2    | Found a staircase to the Elven Halls.
 14983 | Orc:2    | Noticed an orc sorcerer
 14983 | Orc:2    | Noticed an orc sorcerer
 14991 | Orc:2    | Noticed a sun demon
 14993 | Orc:2    | Noticed a soul eater
 15023 | Orc:2    | Killed an orc sorcerer
 15071 | Orc:2    | Killed an orc sorcerer
 15383 | Orc:2    | Reached XP level 12. HP: 36/83 MP: 5/24
 16193 | Orc:2    | Noticed an orc warlord
 16199 | Orc:2    | Noticed an orc high priest
 16217 | Orc:2    | Noticed a soul eater
 16335 | Orc:2    | Killed an orc high priest
 16495 | Orc:2    | Found a roughly hewn altar of Beogh.
 16590 | Orc:2    | Killed an orc warlord
 16672 | Orc:2    | Found Colal's Jewellery Shop.
 16673 | Orc:2    | Noticed an orc high priest
 16688 | Orc:2    | Killed an orc high priest
 16892 | Orc:2    | Noticed an orc high priest
 16897 | Orc:2    | Found Raxud's Armour Boutique.
 16902 | Orc:2    | Killed an orc high priest
 17046 | Orc:2    | Noticed an orc high priest
 17062 | Orc:2    | Killed an orc high priest
 17614 | Orc:2    | Found Atiranosty's Weapon Shoppe.
 17643 | Orc:2    | Found Gumnesid's Magic Scroll Emporium.
 17786 | Orc:2    | Found a roughly hewn altar of Beogh.
 17902 | Orc:2    | Reached XP level 13. HP: 75/90 MP: 19/26
 18148 | Orc:2    | Bought the ring "Rumniala" {rN+ Str+4 Dex+5} for 729 gold
                  | pieces
 18232 | Orc:2    | Bought a scroll of magic mapping for 49 gold pieces
 18387 | Lair:1   | Entered Level 1 of the Lair of Beasts
 19110 | Lair:1   | Got a bronze ring mail
 19136 | Lair:1   | Identified the +1 ring mail of Tunikh {rN+++ MR- Dex+6}
                  | (You found it on level 1 of the Lair of Beasts)
 19152 | Lair:1   | Learned a level 4 spell: Iskenderun's Mystic Blast
 20071 | Lair:1   | Got a shimmering glaive
 20718 | Lair:2   | Reached ***** piety under Hepliaklqana
 20826 | Lair:2   | Got a heavily runed ring mail
 20837 | Lair:2   | Identified the +5 ring mail of Truth {rElec Str-5 Int+4
                  | Dex+8} (You found it on level 2 of the Lair of Beasts)
 20963 | Lair:2   | Learned a level 3 spell: Confuse
 20968 | Lair:2   | Learned a level 4 spell: Force Lance
 21059 | Lair:2   | Found a staircase to the Shoals.
 21384 | Lair:3   | Found a gate leading to a gauntlet.
 21398 | Gauntlet | Entered a Gauntlet
 21398 | Gauntlet | Found a transporter.
 21398 | Gauntlet | Found a transporter.
 21402 | Gauntlet | Found a transporter.
 21402 | Gauntlet | Found a transporter.
 21404 | Gauntlet | Found a large runed translucent door.
 21405 | Gauntlet | Found a large runed translucent door.
 21407 | Gauntlet | Found a large runed translucent door.
 21407 | Gauntlet | Found a large runed translucent door.
 21407 | Gauntlet | Found a runed translucent door.
 21408 | Gauntlet | Found a large runed translucent door.
 21411 | Gauntlet | Found a transporter.
 21462 | Gauntlet | Found a transporter.
 21483 | Gauntlet | Found a transporter.
 21497 | Gauntlet | Found a transporter.
 21521 | Gauntlet | Found a transporter.
 21616 | Gauntlet | Found a transporter.
 21629 | Gauntlet | Found a transporter.
 21631 | Gauntlet | Found a large runed translucent door.
 21632 | Gauntlet | Found a large runed translucent door.
 21633 | Gauntlet | Found a large runed translucent door.
 21633 | Gauntlet | Found a large runed translucent door.
 21633 | Gauntlet | Found a runed translucent door.
 21649 | Gauntlet | Found a transporter.
 21666 | Gauntlet | Found a transporter.
 21671 | Gauntlet | Found a runed translucent gate.
 21672 | Gauntlet | Found a large runed translucent door.
 21672 | Gauntlet | Found a large runed translucent door.
 21689 | Gauntlet | Found a transporter.
 21689 | Gauntlet | Noticed a death ooze
 21747 | Gauntlet | Found a large runed translucent door.
 21928 | Gauntlet | Found a transporter.
 21980 | Gauntlet | Got a steaming helmet
 21993 | Gauntlet | Identified the cursed -2 helmet "Nyorogigg" {*Corrode rC+
                  | Slay+3} (You found it in a Gauntlet)
 22020 | Gauntlet | Identified the +4 glaive of Oray {venom, Dex+4} (You found
                  | it on level 1 of the Lair of Beasts)
 22047 | Gauntlet | Noticed a minotaur
 22060 | Gauntlet | Killed a minotaur
 22423 | Gauntlet | Got a translucent marble ring
 22757 | Lair:3   | Reached skill level 10 in Spellcasting
 22771 | Lair:3   | Found a basalt altar of Yredelemnul.
 22892 | Lair:3   | Reached XP level 14. HP: 88/98 MP: 22/28
 23222 | Lair:3   | Noticed Rupert
 23250 | Lair:3   | Paralysed by Rupert for 7 turns
 23257 | Lair:3   | Killed Rupert
 23257 | Lair:3   | Reached skill level 10 in Fighting
 23257 | Lair:3   | Reached skill level 10 in Polearms
 23257 | Lair:3   | Reached skill level 10 in Dodging
 23478 | Lair:3   | Found a staircase to the Snake Pit.
 24240 | Lair:4   | Identified the ring of Vanity {+Blink +Fly} (You found it
                  | in a Gauntlet)
 24626 | Lair:4   | Found a hazy altar of Hepliaklqana.
 25268 | Lair:5   | Reached ****** piety under Hepliaklqana
 25459 | Lair:5   | Reached skill level 10 in Invocations
 26332 | Lair:6   | Entered Level 6 of the Lair of Beasts
 27195 | Lair:6   | Found a viscous altar of Jiyva.
 27195 | Lair:6   | Found a staircase to the Slime Pits.
 27632 | Lair:6   | Reached XP level 15. HP: 93/105 MP: 27/29
 28033 | Lair:6   | Reached skill level 10 in Armour
 28651 | Lair:6   | Reached skill level 10 in Translocations
 28986 | Snake:1  | Entered Level 1 of the Snake Pit
 29463 | Snake:1  | Reached skill level 10 in Charms
 29486 | Snake:1  | Found a shadowy altar of Dithmenos.
 29555 | Snake:1  | Found a frozen archway.
 29564 | IceCv    | Entered an ice cave
 31084 | IceCv    | Noticed an Ice Fiend
 31087 | IceCv    | Noticed an Ice Fiend
 31140 | IceCv    | Reached skill level 10 in Short Blades
 31140 | IceCv    | Reached skill level 10 in Long Blades
 31140 | IceCv    | Reached skill level 10 in Axes
 31140 | IceCv    | Reached skill level 10 in Maces & Flails
 31140 | IceCv    | Reached skill level 10 in Staves
 31140 | IceCv    | Reached skill level 10 in Slings
 31140 | IceCv    | Reached skill level 10 in Bows
 31140 | IceCv    | Reached skill level 10 in Crossbows
 31140 | IceCv    | Reached skill level 10 in Throwing
 31140 | IceCv    | Reached skill level 10 in Stealth
 31140 | IceCv    | Reached skill level 10 in Shields
 31140 | IceCv    | Reached skill level 10 in Unarmed Combat
 31140 | IceCv    | Reached skill level 10 in Evocations
 31473 | IceCv    | Killed an Ice Fiend
 31668 | IceCv    | Killed an Ice Fiend
 33044 | Snake:1  | Found Suir's Book Shoppe.
 33586 | Snake:1  | Learned a level 2 spell: Passwall
 33592 | Snake:1  | Learned a level 5 spell: Borgnjor's Vile Clutch
 33717 | Snake:1  | You fall through a shaft!
 34169 | Snake:2  | Noticed Frances
 34237 | Snake:2  | Reached XP level 16. HP: 85/112 MP: 21/31
 34889 | Snake:2  | Gained mutation: Scrolls take you a little longer to read.
                  | [a neqoxec]
 35345 | Snake:1  | Killed Frances
 35786 | Snake:2  | Noticed a nagaraja
 35786 | Snake:2  | Noticed a nagaraja
 36102 | Snake:2  | Noticed a nagaraja
 36110 | Snake:2  | Killed a nagaraja
 36539 | Snake:2  | Noticed a nagaraja
 36548 | Snake:2  | Killed a nagaraja
 38183 | Snake:4  | Entered Level 4 of the Snake Pit
 38429 | Snake:4  | Found Beyrhuit's Jewellery Shoppe.
 38815 | Snake:4  | Reached XP level 17. HP: 119/119 MP: 30/33
 39867 | Snake:4  | HP: 4/119 [anaconda (9)]
 41337 | Snake:4  | HP: 5/119 [naga sharpshooter/bolt (3)]
 41337 | Snake:4  | Demolished by a nagaraja

Skill      XL: |  1  2  3  4  5  6  7  8  9 10 11 12 13 14 15 16 17 |
---------------+----------------------------------------------------+-----
Spellcasting   | 5 6 7 8 9 10 11 12 | 12.3
Invocations    | 1 2 3 4 5 6 7 8 9 10 11 12 | 12.3
Short Blades   | 1 2 3 4 5 6 7 8 9 10 11 | 11.4
Long Blades    | 1 2 3 4 5 6 7 8 9 10 11 | 11.4
Axes           | 1 2 3 4 5 6 7 8 9 10 11 | 11.4
Maces & Flails | 1 2 3 4 5 6 7 8 9 10 11 | 11.4
Staves         | 1 2 3 4 5 6 7 8 9 10 11 | 11.4
Slings         | 1 2 3 4 5 6 7 8 9 10 11 | 11.4
Bows           | 1 2 3 4 5 6 7 8 9 10 11 | 11.4
Crossbows      | 1 2 3 4 5 6 7 8 9 10 11 | 11.4
Throwing       | 1 2 3 4 5 6 7 8 9 10 11 | 11.4
Stealth        | 1 2 3 4 5 6 7 8 9 10 11 | 11.4
Shields        | 1 2 3 4 5 6 7 8 9 10 11 | 11.4
Unarmed Combat | 1 2 3 4 5 6 7 8 9 10 11 | 11.4
Evocations     | 1 2 3 4 5 6 7 8 9 10 11 | 11.4
Conjurations   | 1 2 3 4 5 6 7 8 9 |  9.7
Hexes          | 1 2 3 4 5 6 7 8 9 |  9.7
Summonings     | 1 2 3 4 5 6 7 8 9 |  9.7
Necromancy     | 1 2 3 4 5 6 7 8 9 |  9.7
Translocations | 1 2 3 4 5 7 8 9 10 11 12 | 12.1
Transmutations | 1 2 3 4 5 6 7 8 9 |  9.7
Fire Magic     | 1 2 3 4 5 6 7 8 9 |  9.7
Ice Magic      | 1 2 3 4 5 6 7 8 9 |  9.7
Air Magic      | 1 2 3 4 5 6 7 8 9 |  9.7
Earth Magic    | 1 2 3 4 5 6 7 8 9 |  9.7
Poison Magic   | 1 2 3 4 5 6 7 8 9 |  9.7
Armour         | 3 4 5 6 7 8 9 10 11 | 11.6
Fighting       | 5 6 7 8 9 10 11 12 | 12.1
Polearms       | 5 6 7 8 9 10 11 12 | 12.1
Dodging        | 5 6 7 8 9 10 11 12 | 12.1
Charms         | 6 7 8 9 10 11 | 11.0

Action                   |  1- 3 |  4- 6 |  7- 9 | 10-12 | 13-15 | 16-18 || total
-------------------------+-------+-------+-------+-------+-------+-------++-------
Melee: Spear             |   150 |   296 |   613 |   694 |       |       ||  1753
       Bite              |    14 |    26 |    69 |   141 |   226 |   133 ||   609
       Punch             |       |     3 |     1 |       |    13 |       ||    17
       Trident           |       |       |       |   525 |  1138 |   727 ||  2390
 Cast: Spectral Weapon   |       |    11 |    19 |    71 |    78 |    50 ||   229
       Searing Ray       |       |       |     3 |       |       |       ||     3
       Regeneration      |       |       |       |     2 |     4 |     5 ||    11
       Iskenderun's Myst |       |       |       |       |    25 |     2 ||    27
       Sticks to Snakes  |       |       |       |       |     1 |     9 ||    10
       Infusion          |       |       |       |       |     1 |       ||     1
       Passwall          |       |       |       |       |     1 |       ||     1
Invok: Recall Ancestor   |       |       |     1 |     2 |     3 |     3 ||     9
       Ancestor Life: He |       |       |     1 |       |       |       ||     1
 Abil: Evoke Flight      |       |       |       |     3 |     1 |       ||     4
Evoke: Wand              |       |       |       |       |     1 |       ||     1
  Use: Scroll            |       |       |    12 |     8 |    18 |     5 ||    43
       Potion            |       |       |       |     2 |     4 |     7 ||    13
 Stab: Sleeping          |       |     2 |     8 |     5 |    26 |     5 ||    46
       Distracted        |       |       |     6 |    20 |    52 |    26 ||   104
       Confused          |       |       |     1 |    18 |    18 |    11 ||    48
       Paralysed         |       |       |       |       |     5 |    20 ||    25
  Eat: Chunk             |     2 |    10 |    15 |    21 |    16 |    13 ||    77
       Ration            |       |       |     2 |     2 |    11 |     3 ||    18
Armor: Ring mail         |    32 |    57 |    33 |   224 |   213 |   135 ||   694
       Leather armour    |     1 |     4 |    93 |       |       |       ||    98
Dodge: Dodged            |    77 |   162 |   207 |   437 |   602 |   284 ||  1769
Block: Buckler           |       |       |    20 |       |       |       ||    20
       Shield            |       |       |    99 |   470 |   434 |    29 ||  1032
       Large shield      |       |       |       |       |       |   549 ||   549
